 Dungeon Crawl Stone Soup version 0.32-a0-22-g6ae6769602 (webtiles) character file.

Game seed: 5414226662408450526

646 Armakuni the Skirmisher (level 7, 0/41 HPs)
             Began as a Deep Elf Wanderer on Jan 19, 2024.
             Slain by a black bear (7 damage)
             ... on level 5 of the Dungeon.
             The game lasted 00:11:13 (4438 turns).

Armakuni the Skirmisher (Deep Elf Wanderer)         Turns: 4438, Time: 00:11:13

Health: 0/41       AC:  5    Str:  9    XL:     7   Next: 27%
Magic:  11/11      EV: 11    Int: 17    God:
Gold:   20         SH:  0    Dex: 16    Spells: 3/9 levels left

rFire   . . .        b - +4 sling
rCold   . . .        (no shield)
rNeg    . . .        c - +0 leather armour
rPois   +            j - +0 helmet
rElec   .            e - +0 cloak
rCorr   .            (no gloves)
SInv    +            (no boots)
Will    .....        (no amulet)
Stlth   ++           I - ring of see invisible
HPRegen 0.26/turn    P - ring of poison resistance
MPRegen 0.12/turn

%: no passive effects
@: brilliant
A: no striking features
a: no special abilities


You were on level 5 of the Dungeon.
You visited 1 branch of the dungeon, and saw 7 of its levels.

You collected 195 gold pieces.
You spent 175 gold pieces at shops.

Inventory:

Hand Weapons
 a - a +0 vampiric falchion
 b - a +4 sling (weapon)
Missiles
 h - a throwing net
Armour
 c - a +0 leather armour (worn)
 e - a +0 cloak (worn)
 g - a +0 ring mail
 j - a +0 helmet (worn)
Jewellery
 I - a ring of see invisible (left hand)
 J - a ring of protection from cold
 L - a ring of flight
 P - a ring of poison resistance (right hand)
Wands
 d - a wand of polymorph (12)
 m - a wand of flame (17)
Scrolls
 k - a scroll of revelation
 n - 2 scrolls of amnesia
Potions
 p - a potion of attraction
 q - 2 potions of haste {unknown}
 r - a potion of degeneration


   Skills:
 + Level 3.4 Fighting
 - Level 10.0 Ranged Weapons
 - Level 1.2 Dodging
 - Level 1.2 Stealth
 - Level 1.5 Spellcasting
 - Level 1.1 Ice Magic
 - Level 1.0 Invocations


You had 3 spell levels left.
You knew the following spells:

 Your Spells              Type           Power      Damage    Failure   Level
m - Iskenderun's Mystic   Conj/Tloc      1%         2d3       96%         4
z - Searing Ray           Conj           2%         2d4       41%         2

Your spell library contained the following spells:

 Spells                   Type           Power      Damage    Failure   Level
 Freeze                   Ice            28%        1d5       19%         1
 Magic Dart               Conj           4%         1d3       28%         1
 Ozocubu's Armour         Ice            7%         N/A       50%         3
 Volatile Blastmotes      Fire/Tloc      2%         2d10      65%         3
 Fulminant Prism          Conj/Alch      0%         3d5       96%         4


Dungeon Overview and Level Annotations

Branches:
Dungeon (7/15)
 Temple: D:4-7

Altars:
Qazlal
Trog
Uskayaw

Shops:
D:5 ![!


Message History

The killer bee attacks as it pursues you!
The killer bee stings you but does no damage.
The killer bee stings you!
There is a stone staircase leading up here.
The adder hisses angrily.
The killer bee barely misses you. x2
You climb upwards.
The black bear growls angrily.
There is a stone staircase leading down here.
The killer bee attacks as it pursues you!
The killer bee closely misses you.
The killer bee stings you but does no damage.
The killer bee stings you. The black bear misses you. The black bear claws you.
The black bear closely misses you. The killer bee completely misses you.
The killer bee attacks as it pursues you!
The killer bee misses you. The killer bee barely misses you.
The killer bee stings you.
Fire: b) +4 sling
Press: ? - help, Q - select action, (/) - cycle Shift-Dir - straight line, f - killer bee
Aim: a killer bee (severely wounded, 45% to hit)
You shoot a sling bullet. The sling bullet hits the killer bee.
The killer bee is almost dead.
The killer bee stings you!
* * * LOW HITPOINT WARNING * * *
The killer bee barely misses you.
Fire: b) +4 sling
Press: ? - help, Q - select action, (/) - cycle Shift-Dir - straight line, f/p - killer bee
Aim: a killer bee (almost dead, 45% to hit)
You shoot a sling bullet. The sling bullet hits the killer bee.
You kill the killer bee!
It was a potion of brilliance.
You feel clever all of a sudden.
The black bear bites you but does no damage.
The black bear claws you.
* * * LOW HITPOINT WARNING * * *
The black bear barely misses you.
Okay, then.
It was a potion of magic.
Magic courses through your body. The black bear bites you!
You die...

# #. ############ #.
#..........#
###.#####...######.###
###....>...............#
................###>###.
###.#.#.#.......##.## ##
.....#h###........# # #
#.# #@# #..>####.## ##
##.###.####### ##.###.
#.....[...# #....#
#..######.########...##
#.## #.............. #.#
#.####.##.#..##
###########.#
#...........<..
.......))...#
#.##...........
###########.##
#.###..##.#..#.


You could see a black bear.

Vanquished Creatures
  Menkaure (D:4)
  A scorpion (D:4)
  A wight (D:4)
  2 killer bees
  A bombardier beetle (D:4)
  A gnoll bouda (D:4)
  An orc priest (D:4)
  An iguana (D:4)
  An orc wizard (D:5)
  Terence (D:2)
  6 gnolls
  An adder (D:6)
  A white imp (D:6)
  3 dart slugs
  5 orcs
  6 ball pythons
  4 bats
  9 endoplasms
  6 giant cockroaches
  8 goblins
  9 hobgoblins
  9 jackals
  7 kobolds
  2 quokkas
  2 frilled lizards (D:2)
  4 rats
93 creatures vanquished.

Notes
Turn   | Place    | Note
-------+----------+-------------------------------------------
     0 | D:1      | Armakuni the Deep Elf Wanderer began the quest for the Orb.
     0 | D:1      | Armakuni set off with the following items: a +2 sling, a +0
                  | helmet, a potion of heal wounds, a +0 robe; and the
                  | following spell memorised: Freeze; and the following spells
                  | available to memorise: Ozocubu's Armour.
     0 | D:1      | Reached XP level 1. HP: 12/12 MP: 5/5
    69 | D:1      | Reached XP level 2. HP: 12/16 MP: 4/6
   143 | D:1      | Reached skill level 5 in Ranged Weapons
   288 | D:1      | Reached XP level 3. HP: 20/20 MP: 7/7
   442 | D:1      | Found a faded altar of an unknown god.
   784 | D:2      | Reached skill level 6 in Ranged Weapons
   876 | D:2      | Noticed Terence
  2247 | D:2      | Killed Terence
  2248 | D:2      | Reached XP level 4. HP: 25/25 MP: 8/8
  2357 | D:3      | Reached skill level 7 in Ranged Weapons
  2358 | D:3      | Noticed a +0 hand axe
  2359 | D:3      | Noticed a +0 dagger
  2363 | D:3      | Found a hide-covered altar of Uskayaw.
  2623 | D:3      | Learned a level 4 spell: Iskenderun's Mystic Blast
  3048 | D:4      | Reached XP level 5. HP: 29/29 MP: 9/9
  3149 | D:4      | Reached skill level 8 in Ranged Weapons
  3566 | D:5      | Entered Level 5 of the Dungeon
  3566 | D:5      | Found Woxiaz's Distillery.
  3569 | D:5      | Bought a potion of attraction for 30 gold pieces
  3569 | D:5      | Bought a potion of heal wounds for 50 gold pieces
  3569 | D:5      | Bought a potion of heal wounds for 50 gold pieces
  3569 | D:5      | Bought a potion of curing for 30 gold pieces
  3581 | D:5      | Learned a level 2 spell: Searing Ray
  3584 | D:5      | Noticed Menkaure
  3722 | D:4      | Found a stormy altar of Qazlal.
  3724 | D:4      | Found a bloodstained altar of Trog.
  3744 | D:4      | Reached skill level 9 in Ranged Weapons
  3744 | D:4      | Reached XP level 6. HP: 34/34 MP: 10/10
  3995 | D:4      | Killed Menkaure
  3996 | D:4      | Reached skill level 10 in Ranged Weapons
  4155 | D:5      | Found Hoewunk's Distillery.
  4160 | D:5      | Found Iroimuf's Armour Shop.
  4170 | D:5      | Bought a potion of degeneration for 15 gold pieces
  4179 | D:5      | Reached XP level 7. HP: 16/40 MP: 11/11
  4365 | D:6      | Noticed a steam dragon
  4438 | D:5      | Slain by a black bear

Illustrated notes

Levels and vault maps discovered:
D:1:      saegor_arrival_simple_b, layout_rooms, basic_ecumenical_altar,
          hangedman_decor_slide_cut, corexii_corridor_pit,
          hangedman_glass_garden, serial_park_tiny_2
D:2:      layout_basic, serial_bayou_pond_e, uniq_terence
D:3:      layout_basic, dancing_weapons_uskayaw, minmay_misc_feat_cross,
          chequers_garden
D:4:      layout_basic, chequers_temple_overflow_statue_of_worship
D:5:      layout_loops_ring, minmay_temple_entry_large_hall, serial_shops,
          nicolae_stop_n_shop_1, shop,
          nicolae_shop_temple_entry_statues_fountains, shop, uniq_menkaure
D:6:      nicolae_cairo_tiling_large, layout_rooms,
          nicolae_overflow_hidden_temple, nicolae_zig_zag_zippers
D:7:      layout_loops_ring, serial_shops, nicolae_shop_tiny_statue_garden,
          minmay_crystal_room, lightli_orcish_oven

Skill      XL: |  1  2  3  4  5  6  7 |
---------------+----------------------+-----
Ranged Weapons | 5 6 7 9 10 | 10.0
Fighting       | 2 3 |  3.4
Dodging        | |  1.2
Stealth        | |  1.2
Spellcasting   | |  1.5
Ice Magic      | |  1.1
Invocations    | |  1.0

Action                     |  1- 3 |  4- 6 |  7- 9 || total
---------------------------+-------+-------+-------++-------
   Fire: Sling             |   102 |   131 |    34 ||   267
   Cast: Freeze            |     6 |       |       ||     6
    Use: Scroll            |     6 |     5 |       ||    11
         Potion            |       |     7 |     4 ||    11
 Armour: Robe              |    20 |    25 |       ||    45
         Leather armour    |       |    10 |    25 ||    35
  Dodge: Dodged            |    23 |    27 |    26 ||    76

Table legend: (Time is in decaauts)
 A = Elapsed time spent in this place.
 B = Non-inter-level travel time spent in this place.
 C = Inter-level travel time spent in this place.
 D = Time resting spent in this place.
 E = Time spent auto-exploring this place.
 F = Levels seen in this place.
 G = Mean time per level.
                   A        B        C        D        E       F      G
               +--------+--------+--------+--------+--------+-----+--------+
         Total |   4451 |   4151 |    300 |    406 |   2920 |   7 |  635.9 |
       Dungeon |   4451 |   4151 |    300 |    406 |   2920 |   7 |  635.9 |
               +--------+--------+--------+--------+--------+-----+--------+

Top non-repeatable levels by time:
     D:2: 1463 daAuts
     D:4: 1134 daAuts
     D:1: 806 daAuts
     D:3: 593 daAuts
     D:5: 412 daAuts
     D:6: 35 daAuts
     D:7: 4 daAuts
